 Seeded DCSS version 0.29.1-2-gbd0b4ee654 (webtiles) character file.

Game seed: 1 (custom seed)

6358 Kazon the Covert (level 10, -3/91 (94) HPs)
             Began as a Naga Berserker on Nov 29, 2022.
             Was an Elder of Trog.
             Slain by a two-headed ogre
             ... wielding a +0 giant club
              (12 damage)
             ... on level 9 of the Dungeon on Nov 30, 2022.
             The game lasted 00:41:17 (7046 turns).

Kazon the Covert (Naga Berserker)                   Turns: 7046, Time: 00:41:17

HP:   -3/91 (94)    AC: 16    Str: 20    XL:     10   Next: 96%
MP:   10/10         EV:  9    Int:  9    God:    Trog [****..]
Gold: 392           SH:  4    Dex: 13    Spells: 9/9 levels left

rFire   . . .      SeeInvis +   s - +3 falchion of Winter {venom, rCorr}
rCold   + + .      Faith    .   c - +0 buckler
rNeg    + . .      Spirit   .   A - +3 leather armour {rC+}
rPois   +          Reflect  .   l - +0 helmet
rElec   .          Harm     .   (no cloak)
rCorr   +          Rampage  .   (no gloves)
Will    +....                   B - +2 barding {Fly}
Stlth   ++++......              d - amulet of the acrobat
HPRegen 0.25/turn               J - ring of positive energy
MPRegen 0.12/turn               D - ring of protection from cold

@: flying, lightly drained, very slow
A: AC +3, large, see invisible, deformed body, poison resistance, slowness 2,
spit poison 1, naga tail 1
a: Spit Poison, Renounce Religion, Berserk, Trog's Hand, Brothers in Arms


You were on level 9 of the Dungeon.
You worshipped Trog.
Trog was greatly pleased with you.
You visited 1 branch of the dungeon, and saw 9 of its levels.

You collected 618 gold pieces.
You spent 226 gold pieces at shops.

Inventory:

Hand Weapons
 e - a +2 dagger of venom
 q - a +4 flail
 s - the +3 falchion of Winter (weapon) {venom, rCorr}
   (You bought it in a shop on level 3 of the Dungeon)

   It poisons the flesh of those it strikes.
   rCorr:     It protects you from acid and corrosion.
 w - a +1 long sword of protection
Missiles
 b - 3 curare-tipped darts
 h - 59 stones (quivered)
 j - a throwing net
 n - 14 boomerangs
 H - 8 poisoned darts
Armour
 c - a +0 buckler (worn)
 l - a +0 helmet (worn)
 A - a +3 leather armour of cold resistance (worn)
 B - a +2 barding of flying (worn)
Jewellery
 d - an amulet of the acrobat (around neck)
 v - a ring of protection from cold
 D - a ring of protection from cold (right hand)
 J - a ring of positive energy (left hand)
Wands
 y - a wand of mindburst (20)
 z - a wand of flame (11)
 F - a wand of paralysis (15)
 K - a wand of roots (6)
Scrolls
 g - a scroll of amnesia {unknown}
 i - a scroll of identify
 k - 3 scrolls of fog
 p - a scroll of poison {unknown}
 r - 3 scrolls of teleportation
 u - a scroll of magic mapping
 x - 2 scrolls of immolation
 E - 2 scrolls of enchant weapon
 G - 3 scrolls of fear
 L - a scroll of summoning
Potions
 a - 2 potions of ambrosia {unknown}
 f - a potion of might
 m - 3 potions of berserk rage
 o - 2 potions of haste
 t - 5 potions of lignification
 C - 2 potions of cancellation
 I - 2 potions of curing
Miscellaneous
 M - a condenser vane


   Skills:
 * Level 7.5 Fighting
 + Level 4.9(7.4) Short Blades
 + Level 8.6(9.2) Long Blades
 * Level 0.9 Maces & Flails
 + Level 4.2 Throwing
 + Level 4.7 Armour
 + Level 5.5 Dodging
 + Level 9.8 Stealth
 + Level 1.5 Shields
 * Level 5.0 Evocations


You had 9 spell levels left.
You didn't know any spells.
Your spell library was empty.

Dungeon Overview and Level Annotations

Branches:
Dungeon (9/15)             Temple (0/1) D:7
   Lair: D:8-11         Orc: D:9-12

Altars:
Elyvilon
Hepliaklqana
Uskayaw

Shops:
D:3 (   D:8 ?(==


Innate Abilities, Weirdness & Mutations

Your serpentine skin is tough. (AC +3)
You have supernaturally acute eyesight. (SInv)
Armour fits poorly on your strangely shaped body.
Your system is resistant to poisons. (rPois)
You cover ground very slowly.
You can spit poison.
You have a snake-like lower body.


Message History

e - a +2 dagger of venom (weapon)
The two-headed ogre shouts in stereo!
Your +2 dagger of venom stops dripping with poison.
The +3 falchion of Winter {venom, rCorr} begins to drip with poison!
s - the +3 falchion of Winter (weapon)
{venom, rCorr}
Aiming: Paralyse
Press: ? - help, Shift-Dir - straight line, f - two-headed ogre
Aim: a two-headed ogre, wielding two +0 giant clubs (chance to affect: 44%)
The two-headed ogre resists with some effort.
You slash the two-headed ogre!
The two-headed ogre looks as sick as possible!
The two-headed ogre is lightly wounded.
The two-headed ogre hits you with a +0 giant club!!
The two-headed ogre barely misses you.
You hit the two-headed ogre.
The two-headed ogre looks as sick as possible!
The two-headed ogre is moderately wounded.
You hit the two-headed ogre.
The two-headed ogre looks as sick as possible!
The two-headed ogre is moderately wounded.
The two-headed ogre hits you with a +0 giant club!
The two-headed ogre barely misses you.
You hit the two-headed ogre.
The two-headed ogre looks as sick as possible!
The two-headed ogre is heavily wounded.
The two-headed ogre hits you with a +0 giant club! x2
You slash the two-headed ogre!
The two-headed ogre looks as sick as possible!
The two-headed ogre is severely wounded.
You slash the two-headed ogre!
The two-headed ogre looks as sick as possible!
The two-headed ogre is almost dead.
The two-headed ogre closely misses you.
The two-headed ogre hits you with a +0 giant club!
* * * LOW HITPOINT WARNING * * *
The two-headed ogre attacks as you move away!
The two-headed ogre hits you with a +0 giant club!
* * * LOW HITPOINT WARNING * * *
The two-headed ogre hits you with a +0 giant club!
You die...

##.## #### #### ##...# #..##
##..# #..... ##...# ###...#
##.... ###....###
###.##..###....#### #........##
#..))#.##.......#.### ##........#
#...).....##....O...####...#.#.##
...###....##....@.#...#.>.####..#
..##......##.............####...#
..##.................#.#.#.##...#
..#......##..........###...##..##
####...####..........# #.#......#
..##.....[...........#####.##...#
.>.)..................# #......#
##...................## ##..#.###
##..................#####...#...#


You could see a two-headed ogre (extremely poisoned).

Vanquished Creatures
  Maggie (D:6)
  Prince Ribbit (D:9)
  A shadow (D:9)
  A yak (D:6)
  2 wyverns
  Eustachio (D:5)
  2 steam dragons
  Menkaure (D:5)
  Edmund (D:6)
  4 water moccasins
  4 orc warriors
  An ice beast (D:8)
  5 sky beasts
  2 black bears (D:6)
  4 centaurs
  An ogre (D:6)
  2 phantoms (D:6)
  2 kobold brigands
  3 necrophages
  A bullfrog (D:7)
  A gnoll sergeant (D:7)
  5 scorpions
  13 wights
  A howler monkey (D:5)
  2 jellies (D:6)
  A hound (D:4)
  7 orc priests
  A gnoll bouda (D:7)
  6 iguanas
  2 orc wizards (D:9)
  Robin (D:3)
  15 gnolls
  13 adders
  3 shadow imps
  A white imp (D:7)
  An ufetubus (D:5)
  3 worms
  34 orcs
  11 endoplasms
  A giant cockroach (D:1)
  16 goblins
  8 hobgoblins
  A jackal (D:4)
  17 kobolds
  A quokka (D:1)
  5 ball pythons
  4 bats
  3 frilled lizards
  6 rats
223 creatures vanquished.

Vanquished Creatures (others)
  A white imp (D:7)
1 creature vanquished.

Grand Total: 224 creatures vanquished

Notes
Turn   | Place    | Note
-------+----------+-------------------------------------------
     0 | D:1      | Kazon the Naga Berserker began the quest for the Orb.
     0 | D:1      | Reached XP level 1. HP: 21/21 MP: 1/1
    35 | D:1      | Identified a scroll of acquirement
    35 | D:1      | Acquired a +2 barding of flying
   162 | D:1      | Reached XP level 2. HP: 18/28 MP: 2/2
   848 | D:2      | Reached XP level 3. HP: 18/34 MP: 3/3
   905 | D:2      | Reached XP level 4. HP: 9/44 MP: 4/4
  1051 | D:2      | Reached ** piety under Trog
  1055 | D:2      | Reached skill level 1 in Throwing
  1512 | D:3      | Found Umat's Antique Weapon Boutique.
  1540 | D:3      | Bought a crude falchion for 184 gold pieces
  1540 | D:3      | Identified the +3 falchion of Winter {venom, rCorr} (You
                  | bought it in a shop on level 3 of the Dungeon)
  1547 | D:3      | Reached skill level 1 in Evocations
  1701 | D:3      | Reached XP level 5. HP: 50/50 MP: 5/5
  1901 | D:3      | Noticed Robin
  1908 | D:3      | Killed Robin
  1966 | D:3      | Reached skill level 5 in Fighting
  1966 | D:3      | Reached skill level 7 in Stealth
  1966 | D:3      | Reached XP level 6. HP: 62/62 MP: 6/6
  2350 | D:4      | Reached XP level 7. HP: 61/68 MP: 7/7
  2476 | D:4      | Reached *** piety under Trog
  2782 | D:4      | Found a hazy altar of Hepliaklqana.
  2991 | D:5      | Entered Level 5 of the Dungeon
  3024 | D:5      | Noticed Eustachio
  3036 | D:5      | Killed Eustachio
  3038 | D:5      | Reached XP level 8. HP: 59/76 MP: 8/8
  3576 | D:5      | Noticed Menkaure
  3584 | D:5      | Killed Menkaure
  3585 | D:5      | Reached skill level 8 in Stealth
  3625 | D:5      | Reached skill level 5 in Dodging
  3800 | D:6      | Reached XP level 9. HP: 45/85 MP: 9/9
  4020 | D:6      | Noticed Maggie
  4036 | D:6      | Killed Maggie
  4067 | D:6      | Reached **** piety under Trog
  4094 | D:6      | Reached skill level 1 in Shields
  4273 | D:6      | Noticed Edmund
  4276 | D:6      | Killed Edmund
  4342 | D:6      | Reached XP level 10. HP: 67/92 MP: 10/10
  4716 | D:7      | Reached skill level 9 in Stealth
  4743 | D:7      | Found a hide-covered altar of Uskayaw.
  4751 | D:7      | Found a staircase to the Ecumenical Temple.
  4894 | D:7      | Found a white marble altar of Elyvilon.
  5411 | D:8      | Found Quzidd's Magic Scroll Emporium.
  5416 | D:8      | Bought a scroll of teleportation for 42 gold pieces
  5601 | D:8      | Found Esumer's Weapon Shop.
  5977 | D:8      | Found Heidghoki's Jewellery Shop.
  6256 | D:8      | Found Zoxtaeshakh's Jewellery Boutique.
  6531 | D:9      | Noticed Prince Ribbit
  6544 | D:9      | Killed Prince Ribbit
  6654 | D:9      | Reached skill level 5 in Evocations
  7026 | D:9      | Noticed a two-headed ogre
  7046 | D:9      | Slain by a two-headed ogre

Illustrated notes

Levels and vault maps discovered:
D:1:      dpeg_arrival_three_smaller_balls, layout_basic
D:2:      layout_loops_ring
D:3:      layout_basic, serial_shops, nicolae_shop_stone, st_stairs_9,
          minmay_misc_feat_doors, eino_curves_03, uniq_robin
D:4:      minmay_wonky_spiral, layout_basic,
          mainiacjoe_overflow_surrounded_room, minivault_5
D:5:      layout_cave_pods, uniq_menkaure, uniq_eustachio
D:6:      cheibrodos_barr_body, layout_basic, minmay_crystal_room,
          minmay_pentangle, uniq_maggie, uniq_edmund
D:7:      layout_cave_pools, nicolae_uskayaw_murder_on_the_dancefloor,
          elyvilon_altar_4, minmay_temple_entry_purple_smoke
D:8:      layout_basic, serial_shops, shop_statue, kennysheep_little_box, shop,
          nicolae_shop_window_shopping
D:9:      layout_cave_pools, uniq_prince_ribbit1

Skill      XL: |  1  2  3  4  5  6  7  8  9 10 |
---------------+-------------------------------+-----
Dodging        | 2 4 5 |  5.5
Throwing       | 1 4 |  4.2
Evocations     | 1 2 3 5 |  5.0
Long Blades    | 6 7 8 |  8.6
Fighting       | 5 6 7 |  7.5
Short Blades   | 4 |  4.9
Armour         | 4 |  4.7
Stealth        | 7 8 9 |  9.8
Shields        | 1 |  1.5
Maces & Flails | |  0.9

Action                   |  1- 3 |  4- 6 |  7- 9 | 10-12 || total
-------------------------+-------+-------+-------+-------++-------
Melee: Falchion          |    77 |    86 |   192 |   168 ||   523
       Punch             |     2 |     3 |     1 |       ||     6
       Dagger            |       |    30 |    58 |    16 ||   104
       Long sword        |       |       |       |    86 ||    86
       Flail             |       |       |       |    11 ||    11
Throw: Stone             |     2 |    14 |     9 |    33 ||    58
Invok: Berserk           |     1 |       |     2 |     5 ||     8
 Abil: Spit Poison       |    15 |    21 |    13 |    11 ||    60
Evoke: Wand              |       |       |       |     2 ||     2
  Use: Scroll            |     1 |       |     3 |    11 ||    15
       Potion            |       |     1 |     3 |     1 ||     5
 Stab: Sleeping          |       |     3 |    18 |    10 ||    31
Armor: Animal skin       |    38 |    55 |    32 |       ||   125
       Leather armour    |       |       |    63 |    98 ||   161
Dodge: Dodged            |    66 |    57 |    95 |   117 ||   335
Block: Buckler           |       |       |    26 |    44 ||    70
